 Dungeon Crawl Stone Soup version 0.29-a0-878-g7b45a56547 (webtiles) character file.

Game seed: 17397407872845131152

55 buhh the Vexing (level 4, -1/33 HPs)
             Began as a Meteoran Enchanter on July 19, 2022.
             Slain by a quokka (3 damage)
             ... on level 3 of the Dungeon.
             The game lasted 00:03:59 (1516 turns).

buhh the Vexing (Meteoran Enchanter)                Turns: 1516, Time: 00:04:00

Health: -1/33      AC:  2    Str: 10    XL:     4   Next: 36%
Magic:  2/9        EV: 13    Int: 18    God:
Gold:   69         SH:  0    Dex: 14    Spells: 7/9 levels left

rFire   . . .      SeeInvis .   f - +2 short sword (speed)
rCold   . . .      Faith    .   (no shield)
rNeg    . . .      Spirit   .   b - +0 robe
rPois   .          Reflect  .   (no helmet)
rElec   .          Harm     .   (no cloak)
rCorr   .          Rampage  .   (no gloves)
Will    .....                   (no boots)
Stlth   +.........              (no amulet)
HPRegen 0.11/turn               (no ring)
MPRegen 0.11/turn               (no ring)

@: glowing
A: sense surroundings 1, otherworldly, glowing, explore regen
a: no special abilities


You were on level 3 of the Dungeon.
You visited 1 branch of the dungeon, and saw 4 of its levels.

You collected 69 gold pieces.

Inventory:

Hand Weapons
 a - a +1 dagger
 f - a +2 short sword of speed (weapon)
Missiles
 g - 11 poisoned darts
 m - 2 throwing nets
Armour
 b - a +0 robe (worn)
Scrolls
 d - 2 scrolls of magic mapping {unknown}
 h - a scroll of amnesia {unknown}
 j - a scroll of summoning {unknown}
 k - 3 scrolls of teleportation {unknown}
 l - 2 scrolls of identify {unknown}
 n - 2 scrolls of immolation {unknown}
Potions
 c - 2 potions of brilliance {unknown}
 e - a potion of might {unknown}
 i - a potion of haste {unknown}


   Skills:
 + Level 2.0 Short Blades
 - Level 3.0 Dodging
 + Level 2.5 Stealth
 - Level 3.2 Spellcasting
 + Level 4.1 Hexes


You had 7 spell levels left.
You knew the following spells:

 Your Spells              Type           Power      Damage    Failure   Level
a - Ensorcelled Hibernat  Hex/Ice        20%        N/A       11%         2

Your spell library contained the following spells:

 Spells                   Type           Power      Damage    Failure   Level
 Confusing Touch          Hex            17%        N/A       9%          3
 Tukima's Dance           Hex            17%        N/A       9%          3
 Dazzling Flash           Conj/Hex       20%        N/A       21%         3


Dungeon Overview and Level Annotations

Branches:
Dungeon (4/15) Zot: 895
 Temple: D:4-7

Altars:
Dithmenos


Innate Abilities, Weirdness & Mutations

You passively map a small area around you.
You are easily found by Zot.
You glow in the dark.
You regain HP and MP as you explore.


Message History

The quokka attacks as you move away! The quokka bites you.
The quokka attacks as you move away! The quokka closely misses you.
The quokka closely misses you. The quokka bites you.
The quokka attacks as you move away! The quokka bites you. x2
The quokka attacks as you move away! The quokka closely misses you.
A dart slug comes into view.
The dart slug launches a dart at you. The slug dart misses you.
The quokka bites you. The quokka attacks as you move away!
The quokka closely misses you. The dart slug launches a dart at you.
The slug dart hits you. The dart slug launches a dart at you.
The slug dart hits you.
* * * LOW HITPOINT WARNING * * *
The quokka attacks as you move away! The quokka barely misses you.
The quokka attacks as you move away!
The quokka bites you but does no damage.
The quokka bites you.
* * * LOW HITPOINT WARNING * * *
Aiming: Ensorcelled Hibernation (safe; 11% risk of failure)
Press: ? - help, Q - select action, (/) - cycle Shift-Dir - straight line, f - quokka
Aim: a quokka (chance to affect: 62%)
The quokka resists with significant effort.
The quokka bites you.
* * * LOW HITPOINT WARNING * * *
Aiming: Ensorcelled Hibernation (safe; 11% risk of failure)
Press: ? - help, Q - select action, (/) - cycle Shift-Dir - straight line, f/p - quokka
Aim: a quokka (chance to affect: 62%)
The quokka looks drowsy...
The quokka attacks as you move away! The quokka barely misses you.
The quokka bites you.
* * * LOW HITPOINT WARNING * * *
The quokka attacks as you move away! The quokka barely misses you.
Aiming: Ensorcelled Hibernation (safe; 11% risk of failure)
Press: ? - help, Q - select action, (/) - cycle Shift-Dir - straight line, f - dart slug, p - quokka
Aim: a dart slug (chance to affect: 62%)
The quokka is unaffected.
The quokka bites you.
You die...

.#.........###..w# ...#.#..##.#
##..# .[......##.# #w.##
........##.# #...######
.....$.<(#.# #.#......##
..$......#.# #.#.......##
.........#.# #..........#
.........# ##r........#
.o......(# #@........#
........##.# #.........#
.........#.#####<........#
.........................#
...........#####.........#
...........# #.........## #####
...........## #.....<....###....
........#...# #.............)...
.......##.#.#####.......###......


You could see a dart slug and a quokka.

Vanquished Creatures
  2 dart slugs
  3 orcs (D:3)
  5 ball pythons
  3 endoplasms
  2 giant cockroaches
  2 goblins (D:1)
  4 hobgoblins
  A jackal (D:1)
  5 kobolds
  5 quokkas
  2 bats (D:3)
  3 frilled lizards
  5 rats
42 creatures vanquished.

Notes
Turn   | Place    | Note
-------+----------+-------------------------------------------
     0 | D:1      | buhh the Meteoran Enchanter began the quest for the Orb.
     0 | D:1      | Reached XP level 1. HP: 14/14 MP: 5/5
   222 | D:1      | Reached XP level 2. HP: 20/20 MP: 6/6
   276 | D:2      | Found a faded altar of an unknown god.
   308 | D:1      | Learned a level 2 spell: Ensorcelled Hibernation
   649 | D:1      | Reached XP level 3. HP: 23/26 MP: 8/8
  1096 | D:2      | Glimpsed the power of Zot.
  1147 | D:2      | Glimpsed the power of Zot.
  1226 | D:2      | Reached skill level 4 in Hexes
  1351 | D:4      | Found a shadowy altar of Dithmenos.
  1393 | D:3      | Reached XP level 4. HP: 27/33 MP: 3/9
  1516 | D:3      | Slain by a quokka

Illustrated notes

Levels and vault maps discovered:
D:1:      dpeg_cavernosity, layout_loops_ring, chequers_serial_rivers_large_a,
          nicolae_eternal_life
D:2:      layout_basic, nicolae_ecumenical_pavilion, kennysheep_generic_room_8
D:3:      layout_rooms
D:4:      nicolae_cairo_tiling_large, layout_rooms, grunt_nemelex_the_gamble,
          lemuel_tele_altar, nicolae_dithmenos_the_darkroom,
          gammafunk_temple_overflow_elements

Skill      XL: |  1  2  3  4 |
---------------+-------------+-----
Spellcasting   | 3 |  3.2
Hexes          | 4 |  4.1
Dodging        | 3 |  3.0
Short Blades   | 2 |  2.0
Stealth        | |  2.5

Action                   |  1- 3 |  4- 6 || total
-------------------------+-------+-------++-------
Melee: Dagger            |    41 |       ||    41
       Punch             |     2 |       ||     2
       Short sword       |    50 |    19 ||    69
Throw: Dart              |     5 |       ||     5
 Cast: Ensorcelled Hiber |    16 |    11 ||    27
 Stab: Sleeping          |    11 |     4 ||    15
Armor: Robe              |    16 |    10 ||    26
Dodge: Dodged            |    54 |    18 ||    72

Table legend: (Time is in decaauts)
 A = Elapsed time spent in this place.
 B = Non-inter-level travel time spent in this place.
 C = Inter-level travel time spent in this place.
 D = Time resting spent in this place.
 E = Time spent auto-exploring this place.
 F = Levels seen in this place.
 G = Mean time per level.
                   A        B        C        D        E       F      G
               +--------+--------+--------+--------+--------+-----+--------+
         Total |   1503 |   1423 |     80 |      0 |    735 |   4 |  375.8 |
       Dungeon |   1503 |   1423 |     80 |      0 |    735 |   4 |  375.8 |
               +--------+--------+--------+--------+--------+-----+--------+

Top non-repeatable levels by time:
     D:1: 1068 daAuts
     D:3: 223 daAuts
     D:2: 202 daAuts
     D:4: 8 daAuts
